 Dungeon Crawl Stone Soup version 0.30-a0-965-g42e074c17a (webtiles) character file.

Game seed: 7818086391097708408

3735 ragingrage the Carver (level 10, -2/65 (67) HPs)
             Began as an Octopode Warper on Mar 30, 2023.
             Was an Initiate of Gozag.
             Slain by an orc warrior
             ... wielding a +0 war axe
              (14 damage)
             ... on level 7 of the Dungeon.
             The game lasted 00:09:15 (5778 turns).

ragingrage the Carver (Octopode Warper)             Turns: 5778, Time: 00:09:15

HP:   -2/65 (67)    AC:  1    Str:  9 (10) XL:     10   Next: 15%
MP:   13/13         EV: 14    Int:  9 (11) God:    Gozag
Gold: 220           SH:  4    Dex: 13 (16) Spells: 2/13 levels left

rFire   . . .      SeeInvis .    b - +5 scimitar "Deabo Oniw" {pain, rN++ Will+ Int-5}
rCold   . . .      Faith    .    i - +0 buckler
rNeg    + + .      Spirit   .    (helmet restricted)
rPois   .          Reflect  .    q - amulet of regeneration
rElec   .          Rampage  .    (no ring)
rCorr   .                        (no ring)
Will    +....                    (no ring)
Stlth   ++++                     (no ring)
HPRegen 1.10/turn                (no ring)
MPRegen 0.13/turn                (no ring)
                                 (no ring)
                                 (no ring)

@: studying Staves, lightly drained
A: almost no armour, amphibious, 8 rings, camouflage 1, gelatinous body 1,
(nimble swimmer 1), tentacles
a: Renounce Religion, Potion Petition, Call Merchant, Bribe Branch


You were on level 7 of the Dungeon.
You worshipped Gozag.
Gozag was aware of your devotion.
You visited 2 branches of the dungeon, and saw 8 of its levels.

You collected 830 gold pieces.
You spent 445 gold pieces at shops.
You paid 165 gold pieces to Gozag.

Inventory:

Hand Weapons
 a - a +2 long sword of holy wrath
 b - the +5 scimitar "Deabo Oniw" (weapon) {pain, rN++ Will+ Int-5}
   (You bought it in a shop on level 6 of the Dungeon)

   Int:       It affects your intelligence (-5).
   rN:        It greatly protects you from negative energy.
   Will:      It increases your willpower.
 c - a +0 dagger of venom
 o - a +2 vampiric dagger
 G - a +0 sling
Missiles
 d - 10 poisoned darts (quivered)
 s - 5 boomerangs of dispersal
 D - 3 boomerangs
 E - 6 atropa-tipped darts
Armour
 i - a +0 buckler (worn)
Jewellery
 q - an amulet of regeneration (around mantle)
Wands
 g - a wand of iceblast (24)
 y - a wand of flame (33)
 B - a wand of light (16)
 C - a wand of mindburst (8)
 H - a wand of paralysis (6)
Scrolls
 j - 2 scrolls of immolation
 k - a scroll of magic mapping {unknown}
 m - 3 scrolls of fog
 n - 2 scrolls of blinking
 t - 2 scrolls of vulnerability
 v - a scroll of teleportation {unknown}
 x - a scroll of fear {unknown}
 A - a scroll of enchant weapon {unknown}
 I - a scroll of identify
 J - a scroll of poison {unknown}
Potions
 e - a potion of heal wounds {unknown}
 f - a potion of brilliance {unknown}
 h - 2 potions of lignification
 l - a potion of mutation {unknown}
 p - a potion of invisibility
 r - a potion of haste
 u - 2 potions of ambrosia
 w - a potion of degeneration
 z - a potion of flight {unknown}
 F - a potion of curing {unknown}


   Skills:
 - Level 5.6 Fighting
 - Level 14.0 Long Blades
 - Level 1.0 Throwing
 - Level 5.8 Dodging
 - Level 5.0 Stealth
 - Level 2.0 Shields
 - Level 2.0 Spellcasting
 + Level 6.7 Translocations


You had 2 spell levels left.
You knew the following spells:

 Your Spells              Type           Power      Damage    Failure   Level
a - Blink                 Tloc           26%        N/A       4%          2
b - Lesser Beckoning      Tloc           26%        N/A       4%          2
c - Vhi's Electric Charg  Tloc/Air       12%        N/A       32%         3
d - Manifold Assault      Tloc           13%        N/A       28%         4

Your spell library contained the following spells:

 Spells                   Type           Power      Damage    Failure   Level
 Sublimation of Blood     Necr           0%         N/A       54%         2
 Teleport Other           Tloc           13%        N/A       9%          3
 Kindle Blastsparks       Fire/Tloc/Air  8%         2d10      47%         3
 Iskenderun's Mystic Bla  Conj/Tloc      6%         2d4       73%         4
 Fulminant Prism          Conj/Hex       0%         3d5       99%         4
 Petrify                  Tmut/Erth      0%         N/A       99%         4
 Irradiate                Conj/Tmut      0%         3d11      100%        5
 Lee's Rapid Deconstruct  Erth           0%         3d4*      100%        5


Dungeon Overview and Level Annotations

Branches:
Dungeon (7/15)             Temple (1/1) D:6

Altars:
Cheibriados
Dithmenos
Fedhas
Gozag
Nemelex Xobeh
Qazlal
Ru
Trog
Vehumet
Xom
Yredelemnul
Zin

Shops:
D:4 (   D:6 (


Innate Abilities, Weirdness & Mutations

You cannot wear most types of armour.
You are amphibious.
You can wear up to eight rings at the same time.
Your skin changes colour to match your surroundings (Stealth+).
Your rubbery body absorbs attacks. (AC +1, EV +1)
((You are camouflaged when in or above water. (Stealth+)))
You have tentacles for arms and can constrict up to eight enemies at once.


Message History

You kill the ogre!
The orc warrior unwields a +0 war axe.
The orc warrior wields a +0 arbalest.
The orc warrior shoots a bolt.
The bolt misses you.
You slash the ice beast! Your squeeze misses the ice beast.
The ice beast barely misses you.
You hit the ice beast.
You squeeze the ice beast, but do no damage.
The ice beast hits you. The ice beast freezes you.
You slash the ice beast! The ice beast barely misses you.
You slice the ice beast!!
You kill the ice beast!
The orc warrior shoots a bolt.
The bolt misses you.
A sleepcap comes into view.
The orc warrior is distracted by your dazzling golden aura.
Things that are here:
34 gold pieces; a +0 giant club You hit the orc warrior but do no damage.
The orc warrior is no longer distracted by gold.
You grab the orc warrior.
You constrict the orc warrior, but do no damage.
The wight hits you with a +2 falchion! You partially resist.
You feel drained.
The orc warrior unwields a +0 arbalest.
The orc warrior wields a +0 war axe.
The orc warrior hits you with a +0 war axe!
You hit the orc warrior but do no damage.
You squeeze the orc warrior. You constrict the orc warrior.
The wight hits you with a +2 falchion! You partially resist.
You feel drained.
You release your grip on the orc warrior.
You hit the orc warrior. You grab the orc warrior. You squeeze the orc warrior.
You constrict the orc warrior.
The orc warrior hits you with a +0 war axe!
You completely miss the orc warrior. You constrict the orc warrior.
The orc warrior hits you with a +0 war axe!
* * * LOW HITPOINT WARNING * * *
It was a potion of degeneration.
There was something very wrong with that liquid.
You feel weakened.
You feel dopey.
You feel clumsy.
You constrict the orc warrior, but do no damage.
The orc warrior hits you with a +0 war axe!
You die...
Your body crumbles into a pile of gold.

#..........#...........
#...........######'####
#...........######.....
$
#.......)......##...###
$
..............#..#...#
$ $
..##.#######...##.#...#
# #. #...##.)...### $
#.#######...###....##.
#..zo@..##### ##......
###'##.....### ##.#.#.
#f.###.....## #...#.
#..# ##.....# #.>...
###Y #.....#######. #o
##.....## ## z.
#......## ##.
###.......###..
##...........


You could see an orc warrior and a wight.

Vanquished Creatures
  A cyclops (D:6)
  Grinder (D:5)
  A wyvern (D:6)
  2 water moccasins (D:7)
  5 ice beasts
  3 black bears
  A centaur (D:7)
  An ogre (D:7)
  2 phantoms (D:4)
  Blork the orc (D:6)
  3 bullfrogs
  2 scorpions
  A wight (D:7)
  A howler monkey (D:7)
  6 orc priests
  4 hounds
  A sleepcap (D:6)
  3 iguanas
  6 orc wizards
  7 adders
  4 gnolls
  A shadow imp (D:5)
  A white imp (D:7)
  3 ufetubi
  4 dart slugs
  17 orcs
  7 ball pythons
  7 endoplasms
  3 giant cockroaches
  11 goblins
  14 hobgoblins
  5 jackals
  4 quokkas
  7 bats
  A frilled lizard (D:1)
  9 kobolds
  5 rats
155 creatures vanquished.

Vanquished Creatures (others)
  5 plants (D:3)
5 creatures vanquished.

Grand Total: 160 creatures vanquished

Notes
Turn   | Place    | Note
-------+----------+-------------------------------------------
     0 | D:1      | ragingrage the Octopode Warper began the quest for the Orb.
     0 | D:1      | Reached XP level 1. HP: 14/14 MP: 3/3
    70 | D:1      | Reached XP level 2. HP: 19/19 MP: 5/5
   168 | D:1      | Reached skill level 3 in Long Blades
   258 | D:1      | Reached skill level 1 in Stealth
   258 | D:1      | Reached XP level 3. HP: 24/24 MP: 6/6
   968 | D:3      | Noticed a scorpion
   981 | D:3      | Killed a scorpion
   982 | D:3      | Reached skill level 4 in Long Blades
   982 | D:3      | Reached skill level 1 in Shields
   982 | D:3      | Reached XP level 4. HP: 29/29 MP: 7/7
  1157 | D:3      | Reached XP level 5. HP: 34/34 MP: 8/8
  1990 | D:2      | Reached skill level 5 in Long Blades
  1992 | D:2      | Reached skill level 12 in Long Blades
  1992 | D:2      | Reached XP level 6. HP: 39/39 MP: 9/9
  1993 | D:2      | Reached skill level 5 in Fighting
  1993 | D:2      | Reached skill level 13 in Long Blades
  1993 | D:2      | Reached skill level 5 in Dodging
  1993 | D:2      | Reached XP level 7. HP: 50/50 MP: 10/10
  2065 | D:2      | Found a faded altar of an unknown god.
  2540 | D:4      | Learned a level 2 spell: Blink
  2543 | D:4      | Learned a level 2 spell: Lesser Beckoning
  2547 | D:4      | Learned a level 3 spell: Vhi's Electric Charge
  2838 | D:4      | Found Xomium's Antique Weapon Shoppe.
  2841 | D:4      | Bought a glowing long sword for 175 gold pieces
  2868 | D:4      | Reached XP level 8. HP: 56/56 MP: 11/11
  3312 | D:5      | Entered Level 5 of the Dungeon
  3467 | D:5      | Found a snail-covered altar of Cheibriados.
  3537 | D:5      | Learned a level 4 spell: Manifold Assault
  3682 | D:5      | Found a bloodstained altar of Trog.
  3830 | D:5      | Reached skill level 14 in Long Blades
  3855 | D:5      | Noticed Grinder
  3859 | D:5      | Killed Grinder
  3915 | D:5      | Found a shadowy altar of Dithmenos.
  4291 | D:5      | Reached XP level 9. HP: 34/61 MP: 12/12
  4334 | D:5      | Found a stormy altar of Qazlal.
  4464 | D:6      | Found a staircase to the Ecumenical Temple.
  4473 | Temple   | Entered the Ecumenical Temple
  4490 | Temple   | Became a worshipper of Gozag Ym Sagoz the Greedy
  4506 | D:6      | Found Guxzud's Antique Weapon Boutique.
  4513 | D:6      | Noticed Blork the orc
  4574 | D:6      | Found a radiant altar of Vehumet.
  4608 | D:6      | Found a sacrificial altar of Ru.
  4621 | D:6      | Reached skill level 5 in Stealth
  4765 | D:6      | Noticed a cyclops
  4857 | D:6      | Killed a cyclops
  4858 | D:6      | Reached skill level 5 in Translocations
  5044 | D:6      | Identified the +7 war axe of Lies {holy, *Slow rC+ rCorr
                  | Int+3}
  5462 | D:6      | Killed Blork the orc
  5474 | D:6      | Bought a faintly glowing scimitar for 270 gold pieces
  5474 | D:6      | Identified the +5 scimitar "Deabo Oniw" {pain, rN++ Will+
                  | Int-5} (You bought it in a shop on level 6 of the Dungeon)
  5692 | D:7      | Reached XP level 10. HP: 64/67 MP: 13/13
  5778 | D:7      | Slain by an orc warrior

Illustrated notes

Levels and vault maps discovered:
D:1:      dreamdust_arrival_beginning_and_end, layout_loops_ring,
          minmay_misc_feat_roman, hex_tiny, minmay_surrounded
D:2:      layout_loops_ring, basic_ecumenical_altar
D:3:      corexii_shack_village, layout_basic, nicolae_elevator_lobby_asterisk
D:4:      layout_basic, serial_shops, kennysheep_mini
D:5:      layout_basic, mainiacjoe_overflow_six_doors_small,
          cheibriados_altar_1, amcnicky_altar_gilded,
          nicolae_overflow_hidden_temple, uniq_grinder
D:6:      layout_basic, old_standard_altar, nicolae_vehumet_altar_sigil,
          minmay_temple_entry_arrows, serial_shops,
          nicolae_shop_advertising_works [nicolae_subvault_shop_adworks],
          minmay_manual_macuahuitl, uniq_blork_the_orc
D:7:      minmay_s_stair_smasher, layout_basic, gammafunk_temple_overflow_arena
Temple:   compressed_dpeg_triangle_lava_temple

Skill      XL: |  1  2  3  4  5  6  7  8  9 |
---------------+----------------------------+-----
Long Blades    | 3 4 12 13 14 | 14.0
Stealth        | 1 3 4 5 |  5.0
Shields        | 1 2 |  2.0
Fighting       | 5 |  5.6
Dodging        | 5 |  5.8
Translocations | 6 |  6.7
Throwing       | |  1.0
Spellcasting   | |  2.0

Action                     |  1- 3 |  4- 6 |  7- 9 | 10-12 || total
---------------------------+-------+-------+-------+-------++-------
  Melee: Falchion          |    42 |    65 |    43 |       ||   150
         Constrict         |    10 |    16 |    41 |     3 ||    70
         Punch             |     2 |     2 |     3 |       ||     7
         Tentacles         |     5 |    12 |    50 |     9 ||    76
         Dagger            |       |     1 |    17 |       ||    18
         Long sword        |       |       |   150 |       ||   150
         Scimitar          |       |       |    22 |    27 ||    49
  Throw: Dart              |     5 |       |     9 |       ||    14
         Boomerang         |     2 |       |       |       ||     2
   Cast: Vhi's Electric Ch |       |       |     1 |       ||     1
    Use: Scroll            |       |     3 |     5 |       ||     8
         Potion            |       |     2 |     1 |     1 ||     4
   Stab: Sleeping          |     7 |     8 |    21 |       ||    36
 Armour: Skin              |     1 |     3 |     7 |       ||    11
  Dodge: Dodged            |    25 |    35 |    77 |    15 ||   152
  Block: Buckler           |     3 |    17 |    24 |     1 ||    45

Table legend: (Time is in decaauts)
 A = Elapsed time spent in this place.
 B = Non-inter-level travel time spent in this place.
 C = Inter-level travel time spent in this place.
 D = Time resting spent in this place.
 E = Time spent auto-exploring this place.
 F = Levels seen in this place.
 G = Mean time per level.
                   A        B        C        D        E       F      G
               +--------+--------+--------+--------+--------+-----+--------+
         Total |   5718 |   5426 |    292 |    466 |   3743 |   8 |  714.8 |
       Dungeon |   5693 |   5415 |    278 |    466 |   3735 |   7 |  813.3 |
        Temple |     24 |     11 |     13 |      0 |      8 |   1 |   24.0 |
               +--------+--------+--------+--------+--------+-----+--------+

Top non-repeatable levels by time:
     D:5: 1150 daAuts
     D:3: 1017 daAuts
     D:6: 970 daAuts
     D:4: 796 daAuts
     D:1: 793 daAuts
     D:2: 691 daAuts
     D:7: 273 daAuts
  Temple: 24 daAuts
